 Dungeon Crawl Stone Soup version 0.18.1-6-gd335043 (webtiles) character file.

1462 manyhoops the Covered (level 8, -4/64 HPs)
             Began as a Demonspawn Fighter on May 16, 2016.
             Was a Believer of Qazlal.
             Killed from afar by Denapoli's ghost (39 damage)
             ... with a bolt of negative energy
             ... on level 6 of the Dungeon.
             The game lasted 00:09:55 (5709 turns).

manyhoops the Covered (Demonspawn Fighter)          Turns: 5709, Time: 00:10:01

Health: -4/64      AC: 18    Str: 20    XL:     8   Next: 48%
Magic:  12/12      EV:  7    Int:  9    God:    Qazlal [**....]
Gold:   259        SH:  3    Dex: 12    Spells: 0 memorised, 7 levels left

rFire  . . .     SeeInvis .     a - +0 war axe
rCold  + . .     Gourm    .     q - +0 chain mail
rNeg   . . .     Faith    .     (no shield)
rPois  .         Spirit   .     y - +0 helmet
rElec  .         Dismiss  .     o - +1 cloak
rCorr  .         Reflect  .     E - +0 pair of gloves
SustAt .         Harm     .     (no boots)
MR     .....                    (no amulet)
Stlth  ..........               r - ring of protection from cold
                                k - ring of stealth

@: heavily drained, not resistant to hostile enchantments, extremely unstealthy
A: iridescent scales 1, demonic guardian 1, spiny 1
a: Upheaval, Renounce Religion


You were on level 6 of the Dungeon.
You worshipped Qazlal.
Qazlal was pleased with you.
You were very hungry.

You visited 1 branch of the dungeon, and saw 6 of its levels.

You collected 259 gold pieces.

Inventory:

Hand Weapons
 a - a +0 war axe (weapon)
 B - a +2 flail of protection
Armour
 o - a +1 cloak (worn)
 q - a +0 chain mail (worn)
 y - a +0 helmet (worn)
 E - a +0 pair of gloves (worn)
Jewellery
 h - an uncursed ring of see invisible
 k - a ring of stealth (left hand)
 r - a ring of protection from cold (right hand)
Wands
 t - a wand of random effects (23/48)
 A - a wand of digging (3/24)
 C - a wand of teleportation (6/9)
Scrolls
 e - a scroll of magic mapping
 j - 2 scrolls of teleportation
 l - 2 scrolls of identify
 p - a scroll of fear
 s - 3 scrolls of enchant weapon
 u - a scroll of remove curse
Potions
 b - a potion of mutation {unknown}
 d - 2 potions of might
 g - a potion of invisibility
 i - 3 potions of haste
 m - a potion of curing
 w - 2 potions of degeneration
 z - a potion of flight
 D - a potion of lignification
Books
 n - Kikubaaqudgha's Volume of Sinister Rites
   (You found it on level 6 of the Dungeon)

   Spells                             Type                      Level
   a - Pain                           Necromancy                   1
Comestibles
 c - a fruit
 f - a bread ration
 x - 3 meat rations


   Skills:
 + Level 6.0(4.6) Fighting
 + Level 5.1(3.8) Axes
 + Level 6.1(4.7) Armour
   Level 2.6(1.4) Shields
 * Level 5.6(4.2) Invocations


You had 7 spell levels left.
You didn't know any spells.

Dungeon Overview and Level Annotations

Branches:
Dungeon (6/15)             Temple (0/1) D:5

Altars:
Fedhas
Kikubaaqudgha
Makhleb
Okawaru
Qazlal
Ru
Sif Muna
Vehumet
Xom
Yredelemnul
The Shining One

Annotations:
D:4 manyhoops's ghost, amateur DsGl
D:6 Denapoli's ghost, novice DrTm


Innate Abilities, Weirdness & Mutations

You are partially covered in iridescent scales (AC +4).
A weak demonic guardian rushes to your aid.
You are partially covered in sharp spines.


Message History

Denapoli's ghost is nearby!
Denapoli's ghost is nearby!
Denapoli's ghost is nearby!
You swap places.
Denapoli's ghost breathes negative energy at you.
The bolt of negative energy hits you!
You feel drained.
Denapoli's ghost says, "Ah, a second chance to prove myself in battle!"
You closely miss Denapoli's ghost. Denapoli's ghost closely misses you.
You hit Denapoli's ghost.
Denapoli's ghost is lightly damaged.
Your iron imp hits Denapoli's ghost.
Denapoli's ghost hits you but does no damage.
You hit Denapoli's ghost but do no damage.
Denapoli's ghost is lightly damaged.
Denapoli's ghost hits you but does no damage.
Your iron imp hits Denapoli's ghost.
Denapoli's ghost breathes negative energy at you.
The bolt of negative energy hits you!
You feel drained.
Ouch! That really hurt!
You die...

#..####...###...###......#......
#..# #...##.............##.....
#.. ##........[.........##.....
#..##...#####..................
#......## ##............####.
#.....## ##..........## ##
.##.....# #..##......# #
........# ##W####.....# #
........# ##@5# ##....#
........## ###§.5# ##...#
.#.......####.....# #....
####.....##...##..#
............#####..#
.....###...### ##..#
.....##8##...##8##.#
....#...#.⌠.#...# ..
.####_........._# ...


You could see Denapoli's ghost, a friendly iron imp and a friendly quasit.

Vanquished Creatures
  The ghost of Yehuk the Covered, an amateur GrFi of Okawaru (D:3)
  An ice beast (D:5)
  2 ogres
  A centaur (D:5)
  A gnoll sergeant (D:5)
  A scorpion (D:5)
  2 howler monkeys
  A crimson imp (D:5)
  A giant frog skeleton (D:5)
  2 hounds (D:5)
  An orc wizard (D:5)
  An orc priest (D:5)
  Crazy Yiuf (D:3)
  2 jellies
  Natasha (twice) (D:3)
  5 worker ants
  A hound zombie (D:6)
  Robin (D:3)
  14 gnolls
  11 adders
  A shadow imp (D:5)
  An ooze (D:1)
  A worm (D:2)
  A dart slug (D:2)
  8 giant geckos
  7 orcs
  3 giant cockroaches
  23 goblins
  12 hobgoblins
  13 jackals
  3 kobolds
  2 quokkas
  4 bats
  A giant cockroach zombie (D:6)
  4 giant newts
  A quokka skeleton (D:4)
  3 rats
  A fungus (D:3)
141 creatures vanquished.

Vanquished Creatures (collateral kills)
  2 gnolls (D:3)
  An orc (D:5)
  A goblin (D:3)
4 creatures vanquished.

Grand Total: 145 creatures vanquished

Notes
Turn   | Place    | Note
--------------------------------------------------------------
     0 | D:1      | manyhoops the Demonspawn Fighter began the quest for the Orb.
     0 | D:1      | Reached XP level 1. HP: 18/18 MP: 1/1
   183 | D:1      | Gained mutation: A weak demonic guardian rushes to your aid. [demonic ancestry]
   183 | D:1      | Reached XP level 2. HP: 24/24 MP: 2/2
   853 | D:2      | Reached XP level 3. HP: 29/29 MP: 3/3
  1178 | D:2      | Found a shimmering altar of Xom.
  1184 | D:2      | Reached XP level 4. HP: 27/37 MP: 4/4
  1312 | D:2      | Found a stormy altar of Qazlal.
  1312 | D:2      | Found an iron altar of Okawaru.
  1393 | D:2      | Became a worshipper of Qazlal Stormbringer
  1559 | D:3      | Reached skill level 1 in Invocations
  1585 | D:3      | Found a deep blue altar of Sif Muna.
  1626 | D:3      | Gained mutation: You are partially covered in sharp spines. [demonic ancestry]
  1626 | D:3      | Reached XP level 5. HP: 42/42 MP: 5/5
  1732 | D:3      | Found a glowing golden altar of the Shining One.
  1755 | D:3      | Reached * piety under Qazlal
  1790 | D:3      | Found a blossoming altar of Fedhas.
  1791 | D:3      | Found a sacrificial altar of Ru.
  1795 | D:3      | Found a burning altar of Makhleb.
  1848 | D:3      | Noticed Natasha
  1858 | D:3      | Killed Natasha
  1889 | D:3      | Noticed Yehuk's ghost (amateur GrFi)
  1893 | D:3      | Noticed Robin
  2032 | D:3      | Noticed Natasha
  2040 | D:3      | Killed Natasha
  2040 | D:3      | Reached XP level 6. HP: 22/49 MP: 7/7
  2259 | D:3      | Found a basalt altar of Yredelemnul.
  2261 | D:3      | Noticed a profane servitor
  2296 | D:3      | Noticed Crazy Yiuf
  2945 | D:4      | Noticed manyhoops's ghost (amateur DsGl)
  3062 | D:3      | Killed Robin
  3246 | D:5      | Entered Level 5 of the Dungeon
  3252 | D:5      | Reached ** piety under Qazlal
  3283 | D:5      | Reached XP level 7. HP: 54/55 MP: 9/9
  3416 | D:5      | Reached skill level 5 in Armour
  3754 | D:5      | Reached skill level 5 in Fighting
  3967 | D:5      | Gained mutation: You are partially covered in iridescent scales (AC +4). [demonic ancestry]
  3967 | D:5      | Reached XP level 8. HP: 21/63 MP: 11/11
  4461 | D:5      | Found a staircase to the Ecumenical Temple.
  4753 | D:3      | Killed Yehuk's ghost
  4870 | D:3      | Killed Crazy Yiuf
  5040 | D:6      | Reached skill level 5 in Invocations
  5045 | D:5      | Reached skill level 5 in Axes
  5312 | D:6      | Found a burning altar of Makhleb.
  5680 | D:6      | Found an ancient bone altar of Kikubaaqudgha.
  5681 | D:6      | Found a radiant altar of Vehumet.
  5682 | D:6      | Found a deep blue altar of Sif Muna.
  5687 | D:6      | Identified Kikubaaqudgha's Volume of Sinister Rites
  5703 | D:6      | Noticed Denapoli's ghost (novice DrTm)
  5709 | D:6      | Killed from afar by Denapoli's ghost

Skill      XL: |  1  2  3  4  5  6  7  8 |
---------------+-------------------------+-----
Armour         | 3 4 5 6 |  6.1
Axes           | 2 3 4 5 |  5.1
Fighting       | 4 5 6 |  6.0
Invocations    | 1 2 3 4 5 |  5.6
Shields        | |  2.6

Action                   |  1- 3 |  4- 6 |  7- 9 || total
-------------------------+-------+-------+-------++-------
Melee: War axe           |   108 |   131 |    87 ||   326
  Use: Scroll            |       |       |    14 ||    14
  Eat: Bread ration      |       |     2 |     1 ||     3
       Chunk             |       |     1 |       ||     1
Armor: Scale mail        |    66 |    67 |       ||   133
       Chain mail        |       |     2 |    69 ||    71
Dodge: Dodged            |    28 |    48 |    38 ||   114
Block: Shield            |    67 |    86 |       ||   153
       Other             |       |       |    13 ||    13
